 Dungeon Crawl Stone Soup version 0.21.0-3-g78d12a8 (webtiles) character file.

39 Ignatius881 the Skirmisher (level 3, -2/33 HPs)
             Began as a Ghoul Fighter on Jan 10, 2018.
             Slain by Terence
             ... wielding a +0 morningstar
              (8 damage)
             ... on level 2 of the Dungeon.
             The game lasted 00:02:44 (1295 turns).

Ignatius881 the Skirmisher (Ghoul Fighter)          Turns: 1295, Time: 00:02:44

Health: -2/33      AC:  7    Str: 19    XL:     3   Next: 47%
Magic:  2/2        EV:  7    Int:  3    God:
Gold:   4          SH:  8    Dex:  9    Spells: 2/2 levels left

rFire    . . .     SeeInvis .   a - +0 trident
rCold    + . .     Gourm    .   c - +0 shield
rNeg     + + +     Faith    .   b - +0 scale mail
rPois    ∞         Spirit   .   (no helmet)
rElec    .         Reflect  .   g - +0 cloak
rCorr    .         Harm     .   (no gloves)
MR       .....                  (no boots)
Stlth    ..........             (no amulet)
HPRegen  0.00/turn              (no ring)
MPRegen  0.08/turn              (no ring)

@: rotting
A: rotting body, claws 1, carnivore, cold resistance 1, negative energy
resistance 3, inhibited regeneration, torment resistance, unbreathing
a: no special abilities


You were on level 2 of the Dungeon.
You were not hungry.

You visited 1 branch of the dungeon, and saw 2 of its levels.

You collected 4 gold pieces.

Inventory:

Hand Weapons
 a - a +0 trident (weapon)
Missiles
 f - 8 stones (quivered)
Armour
 b - a +0 scale mail (worn)
 c - a +0 shield (worn)
 g - a +0 cloak (worn)
   (You found it on level 1 of the Dungeon)
Scrolls
 h - a scroll of magic mapping {unknown}
 i - 2 scrolls of teleportation {unknown}
 m - a scroll of remove curse {unknown}
Potions
 d - 3 potions of might
 j - a potion of brilliance {unknown}
 l - 2 potions of agility {unknown}
Comestibles
 e - a ration
 k - 3 chunks of flesh


   Skills:
 + Level 3.6 Fighting
 * Level 2.5 Polearms
 + Level 3.0 Armour
 + Level 3.0 Shields


You had 2 spell levels left.
You didn't know any spells.

Dungeon Overview and Level Annotations

Branches:
Dungeon (2/15)

Altars:

Annotations:
D:2 Terence


Innate Abilities, Weirdness & Mutations

Your body is rotting away.
You thrive on raw meat.
You are immune to poison.
You have sharp fingernails.
You are carnivorous and can eat meat at any time.
Your flesh is cold resistant. (rC+)
You are immune to negative energy. (rN+++)
You do not regenerate when monsters are visible.
You are immune to unholy pain and torment.
You can survive without breathing.


Message History

Things that are here:
a dagger; a kobold corpse You butcher the kobold corpse.
k - 4 chunks of flesh (gained 3)
Things that are here:
a dagger; a kobold skeleton
Things that are here:
a dagger; a kobold skeleton
Found a stone staircase leading down.
There is a stone staircase leading down here.
Found a scroll labeled TERGHEFYMPE and a leather armour.
m - a scroll labeled TERGHEFYMPE You see here a dagger.
Done exploring.
Done exploring.
You see here a dagger.
There is an open door here.
There is an open door, spattered with blood here.
You see here a club.
Some of the chunks of flesh in your inventory have rotted away.
There is a stone staircase leading down here.
You climb downwards.
There is a stone staircase leading up here.
Found 11 gold pieces.
Terence the Incautious comes into view.
He is wielding a morningstar.
Terence shouts!
A bat comes into view.
The bat closely misses you.
Attack whom?
Aim: Terence, wielding a morningstar and wearing a chain mail You reach to attack!
Your shield and scale mail prevent you from hitting Terence.
The bat hits you.
You hit Terence but do no damage. You block the bat's attack.
The bat completely misses you. Terence hits you with a morningstar.
You hit Terence but do no damage. The bat hits you but does no damage.
You block Terence's attack.
You hit Terence but do no damage. The bat hits you but does no damage.
Terence hits you with a morningstar.
You closely miss Terence. You block the bat's attack.
Terence hits you with a morningstar! x2
* * * LOW HITPOINT WARNING * * *
You hit Terence but do no damage. You block the bat's attack.
Terence hits you with a morningstar.
* * * LOW HITPOINT WARNING * * *
You closely miss Terence. The bat hits you but does no damage.
You block the bat's attack. Terence barely misses you.
You hit Terence. The bat hits you but does no damage.
Terence hits you with a morningstar!
You die...

###########
..........#
#########.# #.#
#.# ##########
#.# #....$...#
#.# #........#
#.#####........#
#.......@@.....#
#######...b....#
#........#
#.######## #.#
#.# #.# #.#


You could see Terence and a bat.

Vanquished Creatures
  An ooze (D:1)
  A dart slug (D:1)
  2 leopard geckos (D:1)
  A bat (D:1)
  A giant cockroach (D:1)
  6 hobgoblins (D:1)
  2 jackals (D:1)
  2 frilled lizards (D:1)
  6 goblins (D:1)
  4 kobolds (D:1)
  3 rats (D:1)
29 creatures vanquished.

Notes
Turn   | Place    | Note
-------+----------+-------------------------------------------
     0 | D:1      | Ignatius881 the Ghoul Fighter began the quest for the Orb.
     0 | D:1      | Reached XP level 1. HP: 19/19 MP: 0/0
   309 | D:1      | Reached XP level 2. HP: 26/26 MP: 1/1
   535 | D:1      | Reached XP level 3. HP: 28/31 MP: 2/2
  1285 | D:2      | Noticed Terence
  1295 | D:2      | Slain by Terence

Skill      XL: |  1  2  3 |
---------------+----------+-----
Polearms       | 2 |  2.5
Armour         | 3 |  3.0
Shields        | 3 |  3.0
Fighting       | |  3.6

Action                   || total
-------------------------++-------
Melee: Trident           ||   135
  Eat: Chunk             ||     2
Armor: Scale mail        ||    48
Dodge: Dodged            ||    30
Block: Shield            ||    52
